Map: Deathaura LE

Players

EUCALIptO

  • Race: Terran Terran
  • League: Master
  • Spawn Location: 11:00

SwarmSLG - Winner!

  • Race: Zerg Zerg
  • Spawn Location: 5:00

VOD

Have the link to the VOD?

Description

Time

  • Played on: Feb. 27, 2021, 10:53 a.m.
  • Length: 16:09
Show
View Real Time Build Order
Export as new Build Order

EUCALIptO Terran 

Build Orders:  

Get SALT Encoding   

  12  0:00  SCV  
  13  0:23  Supply Depot, SCV  
  14  0:34  Supply Depot  
  14  0:36  SCV  
  15  0:48  Barracks  
  15  0:58  SCV  
  15  1:01  Refinery  
  16  1:10  SCV  
  17  1:30  Supply Depot  
  17  1:36  Marine  
  18  1:53  Marine  
  19  1:57  Barracks  
  19  1:58  SCV  
  20  2:03  Refinery  
  20  2:10  SCV  
  20  2:13  Marine  
  22  2:21  Bunker  
  22  2:22  SCV  
  23  2:30  Marine  
  23  2:34  SCV  
  25  2:46  SCV  
  25  2:47  Barracks Tech Lab  
  25  2:48  Marine  
  25  2:49  Factory  
  27  2:58  SCV  
  28  3:10  SCV  
  29  3:14  Marine  
  29  3:15  Barracks Tech Lab  
  30  3:23  SCV  
  31  3:32  Marine  
  32  3:40  Combat Shield  
  32  3:47  Supply Depot  
  32  3:49  Siege Tank  
  32  3:50  Marine  
  35  4:08  Marine  
  36  4:11  Supply Depot  
  36  4:19  Factory  
  36  4:21  Siege Tank  
  41  4:24  Marauder  
  41  4:25  Marine  
  42  4:43  Marine  
  45  4:45  Marauder  
  45  4:48  Supply Depot, Command Center  
  45  5:01  Marine, Orbital Command  
  46  5:09  Hellion  
  46  5:10  Supply Depot  
  48  5:30  Hellion  
  48  5:34  Starport  
  50  5:51  Widow Mine  
  52  5:59  Hellion  
  54  6:11  Starport  
  54  6:13  Widow Mine  
  56  6:21  Hellion  
  58  6:27  Liberator  
  61  6:42  Widow Mine  
  61  6:45  Cyclone  
  66  6:49  Marine  
  66  6:52  Marine  
  68  7:03  SCV  
  68  7:06  Marine  
  70  7:09  Marine  
  70  7:10  Liberator  
  70  7:14  Medivac  
  70  7:15  SCV  
  77  7:24  Marine, Engineering Bay  
  77  7:27  Marine, SCV  
  80  7:42  Marine  
  80  7:44  Medivac  
  83  7:53  Medivac  
  85  8:00  Marine  
  65  10:19  Factory  
  65  10:22  Armory  
  65  10:29  Missile Turret  
  65  10:33  Viking x2  
  69  10:37  SCV  
  70  10:46  Refinery  
  70  10:47  Refinery  
  70  10:49  SCV x2  
  72  10:50  Missile Turret  
  72  11:01  SCV x2  
  72  11:03  Viking x2  
  78  11:04  Factory Tech Lab  
  78  11:06  Factory Tech Lab  
  78  11:11  Missile Turret  
  78  11:13  SCV x2  
  78  11:17  Supply Depot  
  80  11:25  SCV x2  
  81  11:32  Missile Turret  
  82  11:33  Viking x2  
  82  11:34  Hi-Sec Auto Tracking  
  82  11:39  SCV x2  
  88  11:40  Supply Depot  
  88  11:45  Hellbat  
  88  11:46  Hellbat  
  94  11:47  Hellbat  
  94  12:02  SCV  
  94  12:03  Supply Depot, Viking x2  
  94  12:04  Command Center  
  94  12:07  Hellbat  
  101  12:14  SCV  
  102  12:24  Missile Turret  
  102  12:25  Supply Depot, Hellbat x2  
  102  12:26  SCV  
  107  12:38  SCV  
  107  12:43  Terran Vehicle And Ship Armor Level 1, Missile Turret  
  108  12:49  Supply Depot  
  108  12:50  SCV  
  109  12:52  Ghost Academy  
  109  13:02  SCV  
  109  13:05  Missile Turret  
  110  13:08  Hellbat x2  
  110  13:11  Thor  
  117  13:29  Thor x2, Missile Turret  
  129  13:53  Thor  
  123  14:12  Thor x2  
  135  14:36  Thor  
  141  15:08  Medivac  
  141  15:09  Medivac  
  72  15:33  Widow Mine x3  
Show
View Real Time Build Order
Export as new Build Order

SwarmSLG Zerg - Winner!

Build Orders: Hatch First 

Get SALT Encoding   

  12  0:00  Drone  
  13  0:13  Overlord  
  13  0:19  Drone  
  14  0:32  Drone  
  14  0:33  Drone  
  17  0:35  Drone  
  17  0:48  Drone  
  18  1:00  Hatchery  
  18  1:02  Drone  
  18  1:04  Extractor  
  18  1:10  Drone  
  18  1:18  Drone  
  19  1:29  Spawning Pool, Drone  
  19  1:39  Overlord  
  19  2:17  Zergling x8  
  19  2:18  Queen x2  
  19  2:20  Metabolic Boost  
  27  2:24  Drone  
  27  2:28  Drone  
  29  2:34  Drone  
  30  2:41  Overlord  
  30  2:47  Zergling x2  
  30  2:49  Drone  
  32  2:54  Pneumatized Carapace, Queen  
  34  3:00  Drone  
  34  3:01  Zergling x2  
  36  3:11  Drone  
  36  3:12  Zergling x2  
  38  3:18  Overlord  
  38  3:24  Drone  
  39  3:36  Drone x2  
  41  3:41  Queen, Lair  
  43  3:54  Hatchery  
  41  4:09  Evolution Chamber  
  40  4:10  Evolution Chamber  
  40  4:14  Drone  
  40  4:15  Baneling Nest, Drone x5  
  44  4:29  Extractor  
  43  4:39  Zerg Melee Weapons Level 1  
  43  4:41  Drone  
  43  4:42  Drone x4  
  43  4:44  Queen  
  43  4:45  Queen  
  52  4:49  Overlord x2  
  52  4:52  Extractor  
  51  4:55  Zergling x2  
  52  5:22  Extractor  
  51  5:31  Queen  
  53  5:41  Drone  
  53  5:42  Drone x2  
  56  5:43  Drone x2  
  56  5:44  Drone x3  
  56  5:45  Zergling x8  
  65  5:51  Centrifical Hooks  
  65  5:53  Overseer  
  65  5:57  Zerg Ground Armor Level 1  
  65  6:09  Queen  
  65  6:10  Queen x2  
  71  6:30  Zergling x2  
  71  6:31  Zergling x4  
  74  6:33  Zerg Melee Weapons Level 2  
  74  6:37  Overlord x3  
  74  7:17  Baneling x6  
  74  7:18  Baneling x7  
  74  7:19  Baneling x5  
  74  7:22  Zergling x28  
  88  7:23  Zergling x16  
  88  7:27  Queen  
  98  7:31  Overlord  
  98  7:43  Overlord  
  98  7:44  Overlord x2  
  98  7:46  Baneling  
  98  7:47  Baneling x4  
  98  7:49  Queen x2  
  93  8:07  Queen  
  93  8:25  Zerg Ground Armor Level 2  
  91  8:32  Hatchery  
  90  8:49  Zerg Missile Weapons Level 1  
  90  9:07  Hydralisk Den  
  89  10:12  Hydralisk  
  89  10:13  Hydralisk x15  
  121  10:16  Overlord  
  121  10:22  Drone x2  
  121  10:28  Drone x2  
  125  10:37  Queen  
  125  10:41  Muscular Augments  
  127  11:11  Drone x2  
  127  11:12  Drone x5  
  127  11:13  Drone  
  127  11:14  Drone x4  
  127  11:15  Drone x3  
  142  11:30  Extractor  
  142  11:31  Extractor  
  142  11:32  Drone x2  
  142  11:33  Drone  
  142  11:35  Overlord x2  
  143  12:26  Hatchery  
  142  12:40  Hydralisk  
  142  12:41  Hydralisk x7  
  142  12:43  Overlord x3  
  142  12:44  Overlord x4  
  158  13:38  Hydralisk x15  
  158  13:39  Hydralisk x3  
  194  14:01  Grooved Spines  
  194  14:28  Queen  
  196  14:40  Lurker Den  
  196  14:43  Infestation Pit  
Tags
 
League
Master
Matchup
TvZ
Spawn Locations
Cross Positions
Add a new tag
Caveats
  • Supply blocks, unpowered buildings, or Contaminate may cause inaccurate times.
  • Supply counts are checked every 10 seconds.